 Dungeon Crawl Stone Soup version 0.28.0-45-g0d030f2227 (webtiles) character file.

Game seed: 3624645582650175313

30 Descartes the Chiller (level 3, -2/21 HPs)
             Began as an Octopode Wanderer on Apr 12, 2022.
             Slain by a gnoll
             ... wielding a +0 spear
              (10 damage)
             ... on level 2 of the Dungeon.
             The game lasted 00:03:41 (1559 turns).

Descartes the Chiller (Octopode Wanderer)           Turns: 1559, Time: 00:03:42

Health: -2/21      AC:  1    Str: 11    XL:     3   Next: 18%
Magic:  5/6        EV: 12    Int: 18    God:
Gold:   61         SH:  0    Dex:  9    Spells: 4/6 levels left

rFire   . . .      SeeInvis .   a - +0 dagger
rCold   . . .      Faith    .   (no shield)
rNeg    . . .      Spirit   .   (helmet restricted)
rPois   .          Reflect  .   (no amulet)
rElec   .          Harm     .   (no ring)
rCorr   .          Rampage  .   (no ring)
Will    .....                   (no ring)
Stlth   +++.......              (no ring)
HPRegen 0.07/turn               (no ring)
MPRegen 0.10/turn               (no ring)
                                (no ring)
                                (no ring)

@: no status effects
A: almost no armour, amphibious, 8 rings, camouflage 1, gelatinous body 1,
(nimble swimmer 1), tentacles
a: no special abilities


You were on level 2 of the Dungeon.
You visited 1 branch of the dungeon, and saw 2 of its levels.

You collected 61 gold pieces.

Inventory:

Hand Weapons
 a - a +0 dagger (weapon)
Missiles
 b - 6 boomerangs (quivered)
Scrolls
 d - a scroll of blinking {unknown}
 f - 2 scrolls of identify {unknown}
 h - a scroll of enchant armour {unknown}
Potions
 c - 2 potions of brilliance {unknown}
 e - a potion of flight {unknown}
 g - a potion of might {unknown}


   Skills:
 - Level 1.0 Throwing
 + Level 1.0 Dodging
 - Level 2.0 Stealth
 + Level 2.2 Spellcasting
 + Level 0.8 Transmutations
 + Level 3.2 Ice Magic
 + Level 1.8 Poison Magic
 - Level 2.0 Invocations


You had 4 spell levels left.
You knew the following spells:

 Your Spells              Type           Power      Damage    Failure   Level
a - Sting                 Tmut/Pois      24%        1d4       11%         1
b - Freeze                Ice            52%        1d7       4%          1

Your spell library contained the following spells:

 Spells                   Type           Power      Damage    Failure   Level
 Frozen Ramparts          Ice            26%        1d4       14%         3
 Spider Form              Tmut/Pois      6%         N/A       30%         3
 Hailstorm                Conj/Ice       7%         3d4       65%         4


Dungeon Overview and Level Annotations

Branches:
Dungeon (2/15)

Altars:


Innate Abilities, Weirdness & Mutations

You cannot wear most types of armour.
You are amphibious.
You can wear up to eight rings at the same time.
Your skin changes colour to match your surroundings (Stealth+).
Your rubbery body absorbs attacks. (AC +1, EV +1)
((You are camouflaged when in or above water. (Stealth+)))
You have tentacles for arms and can constrict up to eight enemies at once.


Message History

The kobold closely misses you.
You hit the kobold. You squeeze the kobold.
You kill the kobold!
No target in view!
HP restored.
h - a scroll labelled LUTABB NOGIAF You see here a +0 short sword.
There is an open door here.
Found a stone staircase leading up.
c - 2 amethyst potions (gained 1)
You open the door. 4 gnolls come into view.
Cast which spell? (? or * to list)
Aiming: Sting (safe; 11% risk of failure)
Press: ? - help, Shift-Dir - straight line, f - gnoll
Aim: a gnoll, wielding a +0 halberd (wandering, hasn't noticed you, 72% to hit)
The sting hits the gnoll but does no damage.
The gnoll is poisoned.
The gnoll shouts! x3
Unknown command.
Casting: Sting (safe; 11% risk of failure)
Confirm with . or Enter, or press ? or * to list all spells.
Aiming: Sting (safe; 11% risk of failure)
Press: ? - help, Shift-Dir - straight line, f/p - gnoll
Aim: a gnoll, wielding a +0 halberd (poisoned, 72% to hit)
The sting misses the gnoll.
The gnoll hits you from afar with a +0 halberd.
Casting: Sting (safe; 11% risk of failure)
Confirm with . or Enter, or press ? or * to list all spells.
Aiming: Sting (safe; 11% risk of failure)
Press: ? - help, Shift-Dir - straight line, f - gnoll, p - gnoll
Aim: a gnoll, wielding a +0 spear (72% to hit)
You miscast Sting.
You are very lightly contaminated with residual magic.
Nothing appears to happen.
The gnoll hits you from afar with a +0 spear.
The gnoll hits you from afar with a +0 spear.
Your magical contamination has completely faded away.
The gnoll hits you from afar with a +0 spear!
You die...

#.#####.# #.#
#.#
#######.#####.#
...............#
# ######.####..#
> ..#....#..# #
#.#..#.#..# #
#.#..# #..######
# #.#..#
#.g.@..<#
######.#..#
#g#######
....##.#..# #.#
....##.#..# #g#
.......#..# #.#
#+#.......# #.#
#+#'#####.# #g#
.)........# #.#
.......#### #.#


You could see 2 gnolls.

Vanquished Creatures
  A dart slug (D:1)
  3 endoplasms
  3 giant cockroaches (D:1)
  2 goblins (D:1)
  3 hobgoblins (D:1)
  2 quokkas (D:1)
  4 ball pythons (D:1)
  A bat (D:1)
  2 frilled lizards (D:1)
  2 kobolds
  2 rats
25 creatures vanquished.

Notes
Turn   | Place    | Note
-------+----------+-------------------------------------------
     0 | D:1      | Descartes the Octopode Wanderer began the quest for the
                  | Orb.
     0 | D:1      | Descartes set off with the following items: a +0 dagger, 6
                  | boomerangs; and the following spells available to memorise:
                  | Freeze, Sting, Frozen Ramparts, Spider Form, Hailstorm
     0 | D:1      | Reached XP level 1. HP: 11/11 MP: 3/3
     2 | D:1      | Learned a level 1 spell: Sting
     4 | D:1      | Learned a level 1 spell: Freeze
   154 | D:1      | Reached XP level 2. HP: 5/17 MP: 0/5
   574 | D:1      | Found a faded altar of an unknown god.
  1186 | D:1      | Reached XP level 3. HP: 21/21 MP: 6/6
  1356 | D:2      | Reached skill level 1 in Dodging
  1559 | D:2      | Slain by a gnoll

Illustrated notes

Levels and vault maps discovered:
D:1:      tarquinn_simple_flora_water_a, layout_basic, serial_curves,
          eino_curves_02, eino_curves_03,
          hellmonk_ecumenical_altar_leap_of_faith, minmay_misc_feat_enclosed
D:2:      layout_basic, serial_shops, nicolae_shop_trees

Skill      XL: |  1  2  3 |
---------------+----------+-----
Stealth        | 2 |  2.0
Dodging        | 1 |  1.0
Throwing       | |  1.0
Spellcasting   | |  2.2
Transmutations | |  0.8
Ice Magic      | |  3.2
Poison Magic   | |  1.8
Invocations    | |  2.0

Action                   || total
-------------------------++-------
Melee: Dagger            ||    40
       Constrict         ||    11
       Tentacles         ||     8
 Cast: Sting             ||    18
 Stab: Sleeping          ||     4
Armor: Skin              ||     3
Dodge: Dodged            ||    33
